 Dungeon Crawl Stone Soup version 0.25.0-37-gb73750e0fb (webtiles) character file.

Game seed: 16457655315662228648

1121 Ethylacetat the Covert (level 8, -21/58 HPs)
             Began as an Octopode Assassin on July 8, 2020.
             Was an Initiate of Dithmenos.
             Killed by a bolt of negative energy (25 damage)
             ... invoked by the anger of Yredelemnul
             ... on level 6 of the Dungeon.
             The game lasted 00:13:04 (6083 turns).

Ethylacetat the Covert (Octopode Assassin)          Turns: 6083, Time: 00:13:04

Health: -21/58     AC:  1    Str: 13    XL:     8   Next: 34%
Magic:  8/8        EV: 12    Int: 13    God:    Dithmenos [......]
Gold:   322        SH:  0    Dex: 13    Spells: 7/7 levels left

rFire    . . .     SeeInvis .   a - +2 dagger
rCold    . . .     Gourm    .   (no shield)
rNeg     . . .     Faith    .   (helmet restricted)
rPois    .         Spirit   .   (no amulet)
rElec    .         Reflect  .   h - ring of protection from magic
rCorr    .         Harm     .   (no ring)
MR       +....                  (no ring)
Stlth    ++++......             (no ring)
HPRegen  0.19/turn              (no ring)
MPRegen  0.11/turn              (no ring)
                                (no ring)
                                (no ring)

@: heavily drained
A: almost no armour, stealthy swim, amphibious, 8 rings, constrict 8, camouflage
1, gelatinous body 1
a: Renounce Religion


You were on level 6 of the Dungeon.
You worshipped Dithmenos.
Dithmenos was noncommittal.
You were hungry.

You visited 2 branches of the dungeon, and saw 7 of its levels.

You collected 322 gold pieces.

Inventory:

Hand Weapons
 a - a +2 dagger (weapon)
Missiles
 b - 15 poisoned darts (quivered)
 c - 2 curare-tipped darts
Jewellery
 h - a ring of protection from magic (left tentacle)
 v - an uncursed amulet of the acrobat {unknown}
Wands
 s - a wand of acid (7)
Scrolls
 e - a scroll of random uselessness {unknown}
 g - a scroll of blinking {unknown}
 i - a scroll of fear {unknown}
 j - a scroll of amnesia {unknown}
 l - 3 scrolls of remove curse {unknown}
 o - 3 scrolls of teleportation {unknown}
 q - 2 scrolls of magic mapping {unknown}
 t - a scroll of identify {unknown}
 u - a scroll of enchant weapon {unknown}
 w - a scroll of fog {unknown}
Potions
 f - a potion of heal wounds {unknown}
 k - a potion of might {unknown}
 m - 4 potions of stabbing {unknown}
 n - a potion of brilliance {unknown}
 p - a potion of mutation {unknown}
 r - 2 potions of degeneration {unknown}
Comestibles
 d - 7 rations


   Skills:
 * Level 6.4(3.5) Fighting
 * Level 6.3(3.4) Short Blades
 - Level 2.0(0.0) Throwing
 - Level 1.0(0.0) Dodging
 + Level 8.1(5.0) Stealth


You had 7 spell levels left.
You didn't know any spells.
Your spell library contained the following spells:

 Spells                   Type           Power        Failure   Level  Hunger
 Summon Small Mammal      Summ           #...         30%         1    ##.....
 Call Imp                 Summ           #.......     43%         2    ###....
 Call Canine Familiar     Summ           #.......     67%         3    ####...
 Summon Guardian Golem    Hex/Summ       #.......     67%         3    ####...
 Summon Ice Beast         Ice/Summ       #.......     97%         4    #####..
 Summon Lightning Spire   Summ/Air       #.......     97%         4    #####..


Dungeon Overview and Level Annotations

Branches:
Dungeon (6/15)             Temple (1/1) D:6

Altars:
Cheibriados
Dithmenos
Elyvilon
Fedhas
Gozag
Hepliaklqana
Kikubaaqudgha
Makhleb
Nemelex Xobeh
Okawaru
Ru
Sif Muna
Trog
Uskayaw
Vehumet
Wu Jian
Xom
Yredelemnul
Zin

Shops:
D:5 ?


Innate Abilities, Weirdness & Mutations

You cannot wear most types of armour.
You are very stealthy in the water. (Stealth+)
You are amphibious.
You can wear up to eight rings at the same time.
You can use your tentacles to constrict eight enemies at once.
Your skin changes colour to match your surroundings (Stealth+).
Your rubbery body absorbs attacks. (AC +1, EV +1)


Message History

The wight is severely damaged.
You constrict the wight.
The wight hits you with a +2 great sword!
* * * LOW HITPOINT WARNING * * *
You feel drained.
* * * LOW HITPOINT WARNING * * *
You hit the wight but do no damage.
The wight is almost destroyed.
You constrict the wight. You hit the wight.
You destroy the wight!
Dithmenos accepts your kill.
Items here: )) [[ a +2 great sword; a +0 robe; a cursed +4 dire flail; a +0 robe
Items here: )) [[ a +0 robe; a cursed +0 dagger; a +0 robe; a +5 flail
Okay, then.
Yredelemnul's anger turns toward you for a moment.
The bolt of negative energy hits you!!
You feel drained.
You die...

##.....##.######.#
##...## .# .....
##'## .# #(#.#.#
#.# .# ....#.# #.#
.# ..# ##.## ..
##...## .#
#.....######.#
#######.....[...@.#
....# ##.#.#.##.###
###.####.#.#.##)#
#..........##.#
######.#.####.#
#.#.# #.# ....# #.#
##.... ... #..##
###


You could see the anger of Yredelemnul (unaware).

Vanquished Creatures
  Grinder (D:3)
  An ice beast (D:5)
  An ogre (D:4)
  The ghost of Ethylacetat the Sneak, an amateur OpAs (D:5)
  A bullfrog (D:6)
  5 wights
  A jelly (D:6)
  An orc priest (D:5)
  3 iguanas (D:4)
  An orc wizard (D:5)
  2 worker ants (D:5)
  A hound skeleton (D:6)
  11 adders
  2 shadow imps (D:6)
  An ooze (D:4)
  A worm (D:3)
  2 dart slugs
  2 leopard geckos
  18 orcs
  3 bats
  3 giant cockroaches
  6 goblins
  11 hobgoblins
  5 jackals
  2 ball pythons (D:2)
  4 frilled lizards
  A jackal skeleton (D:4)
  9 kobolds
  5 rats
105 creatures vanquished.

Notes
Turn   | Place    | Note
-------+----------+-------------------------------------------
     0 | D:1      | Ethylacetat the Octopode Assassin began the quest for the
                  | Orb.
     0 | D:1      | Reached XP level 1. HP: 14/14 MP: 1/1
   104 | D:1      | Reached XP level 2. HP: 19/19 MP: 2/2
   237 | D:1      | Found a shimmering altar of Xom.
   471 | D:2      | Reached XP level 3. HP: 19/25 MP: 3/3
  1113 | D:2      | Found a shimmering blue altar of Sif Muna.
  1263 | D:3      | Reached XP level 4. HP: 31/31 MP: 4/4
  1441 | D:3      | Found an iron altar of Okawaru.
  1487 | D:3      | Reached skill level 6 in Stealth
  1680 | D:3      | Noticed Grinder
  1827 | D:3      | Reached XP level 5. HP: 9/36 MP: 5/5
  1834 | D:3      | Killed Grinder
  1834 | D:3      | Reached XP level 6. HP: 19/44 MP: 6/6
  2093 | D:3      | Found an opulent altar of Gozag.
  2532 | D:4      | Found a white marble altar of Elyvilon.
  2716 | D:4      | Found a snail-covered altar of Cheibriados.
  2717 | D:4      | Found a hide-covered altar of Uskayaw.
  2717 | D:4      | Found a radiant altar of Vehumet.
  2975 | D:4      | Reached XP level 7. HP: 44/49 MP: 7/7
  3132 | D:4      | Reached skill level 5 in Fighting
  3132 | D:4      | Reached skill level 5 in Short Blades
  3132 | D:4      | Reached skill level 7 in Stealth
  3198 | D:4      | Found a bloodstained altar of Trog.
  3572 | D:5      | Entered Level 5 of the Dungeon
  3785 | D:5      | Found Nigesuch's Magic Scroll Boutique.
  3828 | D:5      | Found a runed translucent door.
  3828 | D:5      | Noticed Ethylacetat's ghost (amateur OpAs)
  3836 | D:5      | Killed Ethylacetat's ghost
  3872 | D:5      | Found a glowing silver altar of Zin.
  4563 | D:6      | Found a staircase to the Ecumenical Temple.
  4575 | Temple   | Entered the Ecumenical Temple
  4600 | Temple   | Became a worshipper of Yredelemnul the Dark
  4620 | Temple   | Fell from the grace of Yredelemnul
  4620 | Temple   | Became a worshipper of Dithmenos the Shadowed
  4731 | D:6      | Reached XP level 8. HP: 57/57 MP: 8/8
  4758 | D:6      | Noticed a wraith
  5211 | D:6      | HP: 2/57 [divine wrath (30)]
  5662 | D:6      | Reached skill level 8 in Stealth
  6072 | D:6      | HP: 2/58 [wight/+2 great sword (5)]
  6083 | D:6      | Killed by a bolt of negative energy

Illustrated notes

Levels and vault maps discovered:
D:1:      lightli_arrival_statue_moat, layout_rooms, xom_teletrap_fun
D:2:      layout_loops_ring, lemuel_blue_sif_altar
D:3:      layout_basic, lemuel_crystal_altar, old_standard_altar, first_ration,
          minmay_box_of_dots, uniq_grinder
D:4:      layout_cave_pods, elyvilon_altar_3, cheibriados_altar_1, bloody_trog,
          chequers_temple_overflow_statue_of_worship
D:5:      layout_gridville, overflow_temple_1_default, serial_shops, shop,
          ebering_ghost_reflecting_pool
D:6:      layout_loops_corners, minmay_temple_entry_arrows
Temple:   cyrus_temple_forest

Skill      XL: |  1  2  3  4  5  6  7  8 |
---------------+-------------------------+-----
Fighting       | 3 4 5 6 |  6.4
Short Blades   | 3 4 5 6 |  6.3
Stealth        | 6 7 8 |  8.1
Throwing       | |  2.0
Dodging        | |  1.0

Action                   |  1- 3 |  4- 6 |  7- 9 || total
-------------------------+-------+-------+-------++-------
Melee: Dagger            |    59 |   106 |   109 ||   274
       Tentacles         |     7 |    26 |    24 ||    57
       Constrict         |    14 |    24 |    18 ||    56
Throw: Dart              |       |     2 |       ||     2
  Use: Potion            |       |     6 |       ||     6
 Stab: Sleeping          |    14 |     8 |     6 ||    28
       Distracted        |       |     1 |       ||     1
  Eat: Chunk             |     1 |     5 |     9 ||    15
Armor: Skin              |     6 |     2 |     2 ||    10
Dodge: Dodged            |    26 |    53 |    49 ||   128
